AoeStats
← Orange Juice

Black Forest

509222306Analyzed
3v3 RM · 7d ago on Sep 26, 2026· 59m 48s· 6 players
Game mode
Random Map
Map size
Normal (6 player)
Population
200
Speed
Normal
Resources
Standard
Victory
Conquest
Starting age
Dark Age
Ending age
Imperial Age
RankedLock teamsTeams togetherTeam positionsShared explorationLock speedFull tech treeHidden civsTurbo modeCheats
Victory
Defeat
🇲🇽 Spanish · Mexico
1099
+12
🇩🇪 Sicilians · Germany
1067
+13
🇺🇸 Burgundians · United States
1053
+13
🇨🇦 Saxons · Canada
1041
-14
🇵🇪 Burmese · Peru
1008
-13
🇸🇪 Saracens · Sweden
960
-11
Mobilli93
5:11 Double-Bit Axe
7:00 Loom
12:10 Feudal Age
18:15 Castle Age
16:40 Fletching
17:18 Gold Mining
17:18 Horse Collar
18:18 Bow Saw
19:11 Heavy Plow
27:16 Two-Man Saw
28:34 Scale Barding Armor
28:40 Forging
30:15 Burgundian Vineyards
30:57 Gold Shaft Mining
30:39 Town Watch
35:01 Imperial Age
33:30 Wheelbarrow
32:58 Town Patrol
33:45 Bodkin Arrow
35:02 Masonry
35:14 Devotion
36:13 Iron Casting
35:59 Chain Barding Armor
36:49 Chemistry
36:20 Architecture
35:56 Stone Mining
37:23 Hoardings
36:58 Bracer
36:28 Light Cavalry
37:09 Husbandry
37:59 Crop Rotation
39:56 Conscription
41:41 Blast Furnace
41:17 Plate Barding Armor
41:20 Onager
42:12 Padded Archer Armor
41:50 Hussar
46:54 Conscription
46:14 Elite Skirmisher
47:21 Padded Archer Armor
48:26 Hand Cart
50:50 Ballistics
52:18 Leather Archer Armor
Jomaloro
0:49 Loom
13:32 Feudal Age
17:26 Castle Age
15:49 Fishing Lines
16:01 Double-Bit Axe
16:18 Horse Collar
18:52 Wheelbarrow
19:03 Bow Saw
25:34 Gillnets
26:47 Scale Barding Armor
27:40 Fortified Wall
29:32 Bloodlines
29:29 Gold Mining
29:29 Stone Mining
32:58 Imperial Age
31:21 Stone Shaft Mining
31:29 Caravan
31:57 Chain Barding Armor
31:40 Fletching
32:27 Heavy Plow
33:05 Hand Cart
33:59 Conscription
33:06 Cavalier
34:05 Bodkin Arrow
34:58 Redemption
34:38 Paladin
37:21 Chemistry
37:36 Plate Barding Armor
37:12 Forging
39:24 Onager
41:10 Bombard Tower
41:11 Ballistics
40:37 Arrowslits
41:03 Masonry
40:48 Murder Holes
42:00 Two-Man Saw
43:36 Iron Casting
51:56 Bracer
52:56 Blast Furnace
60:04 Husbandry
Lotus
11:07 Loom
13:02 Feudal Age
13:35 Loom
13:41 Double-Bit Axe
16:29 Wheelbarrow
19:52 Castle Age
21:22 Forging
21:12 Scale Mail Armor
23:44 Hand Cart
23:47 Horse Collar
25:13 Heavy Plow
25:58 Bow Saw
28:10 Iron Casting
28:07 Chain Mail Armor
28:25 Gold Mining
28:26 Stone Mining
28:26 Town Watch
34:22 Imperial Age
32:05 Town Patrol
31:41 Pikeman
33:10 Masonry
34:41 Ballistics
36:14 Blast Furnace
35:44 Plate Mail Armor
35:21 Scale Barding Armor
35:10 Fletching
35:39 Caravan
36:09 Coinage
35:34 Arrowslits
35:47 Fletching
36:03 Scale Barding Armor
35:27 Elite Serjeant
37:05 Conscription
36:52 Bodkin Arrow
37:01 Squires
36:49 Arson
37:50 Bracer
38:11 Chain Barding Armor
37:27 Capped Ram
38:57 Gold Shaft Mining
37:57 Halberdier
39:41 Plate Barding Armor
39:43 Padded Archer Armor
40:49 Chemistry
39:51 Murder Holes
44:55 Cavalier
45:36 Husbandry
45:46 Bloodlines
46:35 Hauberk
50:47 Banking
49:42 Siege Ram
TheKiddO233
11:04 Feudal Age
14:59 Castle Age
12:58 Horse Collar
13:07 Double-Bit Axe
18:29 Bow Saw
18:40 Heavy Plow
20:51 Loom
21:41 Wheelbarrow
28:10 Hand Cart
31:07 Imperial Age
28:30 Fishing Lines
29:24 Gillnets
29:32 Gold Mining
29:33 Stone Mining
29:48 Padded Archer Armor
29:38 Fletching
31:19 Bodkin Arrow
31:40 Leather Archer Armor
31:49 Ballistics
31:40 Masonry
32:30 Bracer
33:33 Chemistry
32:39 Siege Engineers
32:39 Crossbowman
33:24 Thumb Ring
34:03 Ring Archer Armor
33:37 Arbalester
35:35 Two-Man Saw
35:13 Gold Shaft Mining
35:04 Caravan
35:46 Coinage
37:15 Crop Rotation
36:57 Scale Mail Armor
37:08 Forging
37:32 Architecture
42:19 Chain Mail Armor
42:43 Iron Casting
43:23 Conscription
48:17 Murder Holes
49:22 Town Watch
54:27 Plate Mail Armor
54:12 Gambesons
54:28 Squires
54:14 Arson
53:50 Elite Varangian Guard
56:12 Shield Wall
Orange Juice
2:03 Loom
11:28 Feudal Age
12:02 Double-Bit Axe
16:52 Castle Age
15:55 Horse Collar
16:13 Stone Mining
17:17 Wheelbarrow
17:53 Bow Saw
32:59 Imperial Age
31:02 Heavy Plow
31:14 Gold Mining
32:38 Scale Barding Armor
33:19 Forging
34:08 Hand Cart
34:43 Theocracy
34:31 Chain Barding Armor
34:46 Iron Casting
36:15 Two-Man Saw
36:24 Chemistry
36:46 Bimaristan
37:25 Ballistics
38:55 Redemption
38:23 Elite Mameluke
39:54 Gold Shaft Mining
41:35 Plate Barding Armor
42:00 Blast Furnace
42:31 Masonry
44:01 Town Watch
56:15 Caravan
58:40 Heavy Camel Rider
59:22 Husbandry
SunTzu_Player
1:32 Loom
10:54 Feudal Age
19:43 Castle Age
19:58 Stone Mining
19:54 Horse Collar
26:07 Fortified Wall
26:46 Fishing Lines
27:25 Caravan
31:16 Imperial Age
28:58 Heavy Plow
31:03 Gillnets
32:37 Crop Rotation
32:13 Manipur Cavalry
32:24 Scale Barding Armor
32:10 Fletching
33:22 Chemistry
33:35 Wheelbarrow
32:46 Town Watch
33:04 Padded Archer Armor
33:26 Ballistics
33:15 Siege Engineers
33:06 Murder Holes
33:22 Masonry
35:10 Light Cavalry
37:14 Bloodlines
37:06 Pikeman
38:15 Elite Arambai
38:53 Bodkin Arrow
44:44 Chain Barding Armor
44:25 Bracer
44:25 Scale Mail Armor
44:36 Forging
45:44 Hussar
58:32 Plate Barding Armor
Connection lost

Rejoining the realm…

Still unreachable

The connection could not be restored.

Session expired

The server has moved on; the page needs a fresh start.